 Dungeon Crawl Stone Soup version 0.16-a0-702-gf4f471d (webtiles) character file.

56 PolkaDot the Insei (level 3, -6/31 HPs)
             Began as a Draconian Transmuter on Sept 20, 2014.
             Killed by divine providence
             ... invoked by an orc priest
              (13 damage)
             ... on Level 2 of the Dungeon.
             The game lasted 00:04:57 (2008 turns).

PolkaDot the Insei (Draconian Transmuter)           Turns: 2008, Time: 00:04:58

HP  -6/31        AC  5     Str 12      XL: 3   Next: 69%
MP   6/6         EV 12     Int 13      God:
Gold 56          SH  0     Dex 12      Spells:  1 memorised,  5 levels left

rFire  . . .     SeeInvis .       - Unarmed
rCold  . . .     Clarity  .     (armour unavailable)
rNeg   . . .     rCorr    .     (no shield)
rPois  .         rRot     .     (helmet restricted)
rElec  .         Spirit   .     (no cloak)
SustAb .         Warding  .     (no gloves)
rMut   .         Stasis   .     (boots unavailable)
Gourm  .                        (no amulet)
MR     .....                    (no ring)
                                (no ring)

@: appendage (expiring), not resistant to hostile enchantments, very unstealthy
A: unfitting armour, talons 3, cold-blooded, AC +5
a: End Transformation


You were on level 2 of the Dungeon.
You were hungry.
You had grown temporary talons.
You visited 1 branch of the dungeon, and saw 3 of its levels.

You collected 56 gold pieces.

Inventory:

Missiles
 b - 38 arrows
Comestibles
 a - 3 bread rations
 l - 2 royal jellies
 o - a rotting chunk of giant cockroach flesh
Scrolls
 e - a scroll of identify {unknown}
 g - a scroll of blinking {unknown}
 h - a scroll of enchant armour {unknown}
 j - a scroll of random uselessness {unknown}
 k - 3 scrolls of remove curse {unknown}
 n - a scroll of recharging {unknown}
Potions
 c - a potion of brilliance {unknown}
 i - a potion of cancellation {unknown}
 m - a potion of curing {unknown}
Books
 d - a book of Changes

   Spells                             Type                      Level
   *Beastly Appendage                 Transmutation                1
   Sticks to Snakes                   Transmutation                2
   Spider Form                        Transmutation/Poison         3
   Ice Form                           Ice/Transmutation            4
   Blade Hands                        Transmutation                5


   Skills:
 * Level 3.2 Fighting
 - Level 1.7 Dodging
 + Level 3.7 Unarmed Combat
 - Level 2.0 Spellcasting
 - Level 2.0 Transmutations


You had 5 spell levels left.
You knew the following spells:

 Your Spells              Type           Power        Failure   Level  Hunger
a - Beastly Appendage     Trmt           #.....       12%         1    ##.....


Dungeon Overview and Level Annotations

Branches:
Dungeon (3/15)

Altars:
Ashenzari
Fedhas
Okawaru
Ru
Sif Muna
Trog


Innate Abilities, Weirdness & Mutations

Your plain brown scales are hard (AC +5).
Your body does not fit into most forms of armour.
Your cold-blooded metabolism reacts poorly to cold.
You have claws for feet.


Message History

Your kick misses the orc priest.
The orc priest is moderately wounded.
The orc priest calls down the wrath of Beogh upon you.
Something smites you!
* * * LOW HITPOINT WARNING * * *
You hit the orc priest but do no damage.
The orc priest is moderately wounded.
The orc priest mumbles some strange prayers to Beogh against you.
Something smites you!
* * * LOW HITPOINT WARNING * * *
You hit the orc priest but do no damage.
You claw the orc priest, but do no damage.
The orc priest is moderately wounded.
The orc priest barely misses you.
You hit the orc priest. Your kick misses the orc priest.
Your tail-slap misses the orc priest.
The orc priest is heavily wounded.
The orc priest invokes the aid of Beogh against you.
Something smites you!
You die...

#.####.#.# #
#........# ##
######...### #.
#.....# ###.
#.<##.######.#.
#..#...........
####[.#..######.#.
#o)......#####..#.
#@##..............
#.##.###..........
#....# ########...
##.#### #... #..#
##########.#. #..#
#............ #..#
#.########.#. #..#
#.# #.#. #..# #.#
#...


You could see an orc priest.

Vanquished Creatures
  A gnoll (D:1)
  A giant gecko (D:2)
  An ooze (D:1)
  2 orcs (D:2)
  5 goblins
  3 hobgoblins (D:1)
  10 jackals
  2 kobolds
  A ball python (D:2)
  2 bats (D:1)
  2 giant cockroaches
  3 giant newts (D:1)
  5 rats
38 creatures vanquished.

Notes
Turn   | Place    | Note
--------------------------------------------------------------
     0 | D:1      | PolkaDot, the Draconian Transmuter, began the quest for the Orb.
     0 | D:1      | Reached XP level 1. HP: 16/16 MP: 3/3
   119 | D:1      | Reached XP level 2. HP: 8/24 MP: 2/4
   526 | D:1      | Reached XP level 3. HP: 28/30 MP: 4/6
  1274 | D:2      | Found a deep blue altar of Sif Muna.
  1275 | D:2      | Found a shattered altar of Ashenzari.
  1275 | D:2      | Found an iron altar of Okawaru.
  1276 | D:2      | Found a blossoming altar of Fedhas.
  1280 | D:2      | Found a sacrificial altar of Ru.
  1285 | D:2      | Found a bloodstained altar of Trog.
  2008 | D:2      | Killed from afar by an orc priest

Action                   || total
-------------------------++-------
Melee: Unarmed           ||   126
 Cast: Beastly Appendage ||    15
  Eat: Chunk             ||     3
